 Dungeon Crawl Stone Soup version 0.28.0-47-ge53b351184 (webtiles) character file.

Game seed: 14221153643943374791

241 QuarterstaffGurl the Twirler (level 6, -5/38 (41) HPs)
             Began as a Human Gladiator on May 9, 2022.
             Was a Plaything of Xom.
             Slain by a wight
             ... wielding a +0 battleaxe
              (9 damage)
             ... on level 6 of the Dungeon on May 10, 2022.
             The game lasted 00:16:17 (2738 turns).

QuarterstaffGurl the Twirler (Human Gladiator)      Turns: 2738, Time: 00:16:18

HP:   -5/38 (41)    AC:  9    Str: 15 (16) XL:     6   Next: 30%
MP:   7/7           EV: 12    Int: 11      God:    Xom [...*..]
Gold: 107           SH:  0    Dex: 14      Spells: 4/6 levels left

rFire   . . .      SeeInvis .   l - +0 halberd (venom)
rCold   . . .      Faith    .   (shield currently unavailable)
rNeg    + . .      Spirit   .   b - +1 leather armour
rPois   .          Reflect  .   e - +2 helmet of the Pink Corner {Contam rN+ Int+2}
rElec   .          Harm     .   (no cloak)
rCorr   .          Rampage  .   (no gloves)
Will    .....                   (no boots)
Stlth   +.........              m - amulet of regeneration
HPRegen 0.92/turn               (no ring)
MPRegen 0.10/turn               (no ring)

@: mighty, drained
A: iridescent scales 1, deterioration 1, frail 1
a: Renounce Religion


You were on level 6 of the Dungeon.
You worshipped Xom.
You were a favourite toy of Xom.
You visited 1 branch of the dungeon, and saw 5 of its levels.

You collected 107 gold pieces.

Inventory:

Hand Weapons
 a - a +0 quarterstaff
 j - a +0 vampiric dagger
 l - a +0 halberd of venom (weapon)
Missiles
 f - 31 bolts
Armour
 b - a +1 leather armour (worn)
 e - the +2 helmet of the Pink Corner (worn) {Contam rN+ Int+2}
   (You acquired it on level 1 of the Dungeon)

   Int:       It affects your intelligence (+2).
   rN:        It protects you from negative energy.
   Contam:    It causes magical contamination when unequipped.
Jewellery
 m - an amulet of regeneration (around neck)
Scrolls
 d - a scroll of fog
 i - a scroll of teleportation
Potions
 c - 2 potions of flight {unknown}
 g - a potion of degeneration {unknown}
 h - a potion of curing


   Skills:
 * Level 2.5 Fighting
 * Level 1.7(3.0) Polearms
 * Level 3.9(4.1) Staves
 * Level 1.5(2.1) Slings
 + Level 2.1(2.4) Throwing
 * Level 1.7 Armour
 * Level 3.6 Dodging
 * Level 1.2 Stealth
 * Level 0.9 Spellcasting
 * Level 1.4 Translocations


You had 4 spell levels left.
You knew the following spells:

 Your Spells              Type           Power      Damage    Failure   Level
a - Blink                 Tloc           6%         N/A       32%         2

Your spell library contained the following spells:

 Spells                   Type           Power      Damage    Failure   Level
 Lesser Beckoning         Tloc           3%         N/A       54%         3
 Inner Flame              Hex/Fire       0%         N/A       77%         3
 Cause Fear               Hex            0%         N/A       99%         4
 Manifold Assault         Tloc           3%         N/A       99%         5
 Fireball                 Conj/Fire      0%         3d3       100%        5
 Iskenderun's Battlesphe  Conj           0%         2d6       100%        5
 Conjure Ball Lightning   Conj/Air       0%         3x3d6     100%        6
 Orb of Destruction       Conj           0%         9d5       100%        7
 Discord                  Hex            0%         N/A       100%        8


Dungeon Overview and Level Annotations

Branches:
Dungeon (4/15)
 Temple: D:4-7

Altars:
Xom
Beogh

Annotations:
D:3 3 runed translucent doors, JuniperTheExplorer's ghost, amateur FoEE
D:4 Pikel


Innate Abilities, Weirdness & Mutations

You are partially covered in iridescent scales. (AC +2)
Your body sometimes deteriorates upon taking damage.
You are frail. (-10% HP)


Message History

The jelly closely misses you.
You hit the jelly but do no damage.
The jelly is poisoned.
Your hands burn!
The jelly is severely wounded.
You kill the jelly!
d - a scroll of fog
As you read the scroll labelled ORANNIK VOCEMI, it crumbles to dust.
Your body is wracked with pain!
It was a scroll of torment. 2 wights come into view.
You see here 18 arrows.
A wight comes into view. It is wielding a +0 scimitar.
Really walk into that cloud of seething chaos?
You are engulfed in seething chaos.
You see here 18 arrows.
You are engulfed in seething chaos.
You feel very mighty all of a sudden.
The wight is engulfed in seething chaos.
The wight is engulfed in seething chaos.
The wight is engulfed in seething chaos.
You puncture the wight!
The wight is heavily damaged.
The wight is engulfed in seething chaos.
The wight misses you.
You slash the wight!
The wight is almost destroyed.
The wight is engulfed in seething chaos. x2
The wight flickers and vanishes!
Deactivating autopickup; reactivate with Ctrl-A.
Something hits you! You partially resist.
You feel drained.
Unknown command.
You closely miss something. Something hits you!
* * * LOW HITPOINT WARNING * * *
Your body deteriorates!
You feel weakened.
The wight hits you with a +0 short sword.
* * * LOW HITPOINT WARNING * * *
You partially resist.
You feel drained.
The wight hits you with a +0 short sword.
* * * LOW HITPOINT WARNING * * *
You partially resist.
You feel drained. Something hits you!
You die...
Xom laughs nastily!

.....#
....#.......
#z.≈#......#
#####.≈≈#......#
#.....≈8#......#
#.....≈≈#......#
#....$.≈#......#
#.......#......#
#######.z§{@...#
#.##z.##.#
###8..8##
#...>..#
#..)...#
##8..8#....
##..##.##. ##...
# ####


You could see 2 wights.

Vanquished Creatures
  Eustachio (D:4)
  A jelly (D:6)
  2 adders (D:3)
  An orc (D:6)
  4 endoplasms
  A giant cockroach (D:2)
  A goblin (D:1)
  5 hobgoblins
  3 jackals (D:1)
  4 quokkas
  8 ball pythons
  4 bats
  4 frilled lizards
  6 kobolds
  8 rats
53 creatures vanquished.

Vanquished Creatures (others)
  7 plants (D:4)
7 creatures vanquished.

Grand Total: 60 creatures vanquished

Notes
Turn   | Place    | Note
-------+----------+-------------------------------------------
     0 | D:1      | QuarterstaffGurl the Human Gladiator began the quest for
                  | the Orb.
     0 | D:1      | Reached XP level 1. HP: 16/16 MP: 1/1
   186 | D:1      | Reached XP level 2. HP: 11/22 MP: 2/2
   401 | D:1      | Identified a scroll of acquirement
   401 | D:1      | Acquired the +2 helmet of the Pink Corner {Contam rN+
                  | Int+2}
   545 | D:1      | Found a faded altar of an unknown god.
   548 | D:1      | Prayed at the altar of an unknown god.
   548 | D:1      | Became a worshipper of Xom of Chaos
   643 | D:1      | XOM: silly message
   657 | D:1      | XOM: silly message
   663 | D:1      | Reached XP level 3. HP: 27/27 MP: 3/3
   836 | D:1      | XOM: divination: magic mapping
  1009 | D:1      | XOM: cloud trail
  1267 | D:2      | XOM: 3-stop teleportation journey
  1340 | D:2      | Learned a level 2 spell: Blink
  1438 | D:2      | Gained mutation: Your body sometimes deteriorates upon
                  | taking damage. [potion of mutation]
  1438 | D:2      | Gained mutation: You are partially covered in iridescent
                  | scales. (AC +2) [potion of mutation]
  1438 | D:2      | Gained mutation: You are frail. (-10% HP) [potion of
                  | mutation]
  1794 | D:3      | XOM: enchant monster (good)
  1836 | D:3      | Reached XP level 4. HP: 29/29 MP: 4/4
  1848 | D:3      | Reached skill level 1 in Translocations
  1892 | D:3      | XOM: 5-stop teleportation journey
  1963 | D:3      | Reached skill level 1 in Slings
  2057 | D:3      | Found a runed translucent gate.
  2057 | D:3      | Noticed JuniperTheExplorer's ghost (amateur FoEE)
  2059 | D:3      | Found a runed translucent gate.
  2060 | D:3      | Found a runed translucent gate.
  2114 | D:3      | XOM: scenery: summon butterflies
  2570 | D:4      | Noticed a lemure
  2570 | D:4      | Noticed a lemure
  2571 | D:4      | XOM: destruction
  2572 | D:4      | Noticed Pikel
  2574 | D:4      | Noticed a lemure
  2584 | D:4      | XOM: divination: magic mapping
  2587 | D:4      | XOM: summons friendly shadow imp
  2638 | D:4      | Noticed Eustachio
  2639 | D:4      | XOM: divination: detect creatures
  2640 | D:4      | XOM: cast spell 'Discord'
  2644 | D:4      | XOM: confuse monster(s)
  2646 | D:4      | XOM: enchant monster (good)
  2651 | D:4      | Killed Eustachio
  2652 | D:4      | Reached skill level 1 in Polearms
  2652 | D:4      | Reached skill level 1 in Armour
  2652 | D:4      | Reached skill level 1 in Stealth
  2652 | D:4      | Reached XP level 5. HP: 32/35 MP: 4/6
  2652 | D:4      | Reached XP level 6. HP: 37/41 MP: 4/7
  2687 | D:4      | XOM: cloud trail
  2717 | D:4      | You fall into a shaft and drop 2 floors!
  2738 | D:6      | Slain by a wight

Illustrated notes

Levels and vault maps discovered:
D:1:      matt_arrival_refuge, layout_basic, chequers_ecumenical_altar_grove
D:2:      layout_loops_ring
D:3:      layout_rooms, biasface_ghost_orc_armoury, st_stairs_4
D:4:      layout_basic, serial_bayou, serial_bayou_shore_a,
          serial_bayou_shore_b, serial_bayou_pond_e, serial_bayou_ford_a,
          serial_bayou_pond_d, serial_bayou_pond_d, serial_shops,
          nicolae_shop_crystal, uniq_eustachio, uniq_pikel, uniq_edmund
D:6:      hellmonk_ruined_rings, layout_basic, gup_sewer_entry_pipe,
          moated_statue, corexii_shack, st_stairs_6

Skill      XL: |  1  2  3  4 |
---------------+-------------+-----
Translocations | 1 |  1.4
Slings         | 1 |  1.5
Polearms       | 1 |  1.7
Armour         | 1 |  1.7
Stealth        | 1 |  1.2
Fighting       | |  2.5
Staves         | |  3.9
Throwing       | |  2.1
Dodging        | |  3.6
Spellcasting   | |  0.9

Action                   |  1- 3 |  4- 6 || total
-------------------------+-------+-------++-------
Melee: Quarterstaff      |    65 |       ||    65
       Halberd           |    24 |    60 ||    84
Throw: Throwing net      |     6 |     2 ||     8
  Use: Scroll            |     7 |     3 ||    10
       Potion            |     1 |     1 ||     2
 Stab: Held in net/web   |     1 |     1 ||     2
       Petrified         |     1 |       ||     1
       Confused          |       |     1 ||     1
       Sleeping          |       |     1 ||     1
Armor: Leather armour    |    41 |    35 ||    76
Dodge: Dodged            |    79 |    65 ||   144
